 Dungeon Crawl Stone Soup version 0.22-a0-284-g99d1f74 (webtiles) character file.

9427 Kairos the Thaumaturge (level 11, 0/86 HPs)
             Began as a Gnoll Skald on Mar 22, 2018.
             Was an Elder of Okawaru.
             Succumbed to a killer bee's poison
             ... on level 9 of the Dungeon.
             The game lasted 00:39:24 (12165 turns).

Kairos the Thaumaturge (Gnoll Skald)               Turns: 12165, Time: 00:39:25

Health: 0/86       AC:  9    Str: 17    XL:     11   Next: 46%
Magic:  23/23      EV: 16    Int: 15    God:    Okawaru [****..]
Gold:   954        SH:  0    Dex: 15    Spells: 18/26 levels left

rFire    + . .     SeeInvis .   r - +4 quarterstaff (chaos)
rCold    x . .     Gourm    .   (shield currently unavailable)
rNeg     . . .     Faith    .   D - +0 acid dragon scales
rPois    .         Spirit   .   (no helmet)
rElec    .         Reflect  .   s - +0 cloak
rCorr    +         Harm     .   (no gloves)
MR       .....                  (no boots)
Stlth    +++.......             (no amulet)
HPRegen  0.24/turn              (no ring)
MPRegen  0.18/turn              C - ring of fire

@: lethally poisoned (0 -> -8)
A: distributed training, fangs 1, strong nose
a: Heroism, Renounce Religion


You were on level 9 of the Dungeon.
You worshipped Okawaru.
Okawaru was greatly pleased with you.
You were not hungry.

You visited 2 branches of the dungeon, and saw 10 of its levels.
You also visited: Sewer.

You collected 954 gold pieces.

Inventory:

Hand Weapons
 a - a +0 mace
 r - a +4 quarterstaff of chaos (weapon)
Armour
 s - a +0 cloak (worn)
 D - +0 acid dragon scales (worn)
Jewellery
 t - an uncursed ring of resist corrosion
 C - a ring of fire (right hand)
Wands
 b - a wand of polymorph (17)
 l - a wand of paralysis (57)
 w - a wand of digging (14)
Scrolls
 i - 4 scrolls of remove curse
 j - a scroll of fear {unknown}
 o - 3 scrolls of random uselessness
 p - 2 scrolls of blinking
 y - a scroll of magic mapping {unknown}
Potions
 c - a potion of heal wounds
 e - a potion of cancellation {unknown}
 f - a potion of degeneration {unknown}
 g - 5 potions of flight
 h - 2 potions of lignification {unknown}
 m - 3 potions of curing
 n - 2 potions of agility {unknown}
 u - a potion of resistance {unknown}
 v - 2 potions of magic {unknown}
 x - 2 potions of berserk rage {unknown}
 z - 2 potions of brilliance {unknown}
 B - a potion of haste {unknown}
Comestibles
 d - 8 rations


   Skills:
 + Level 7.8 Fighting
 + Level 6.2 Short Blades
 + Level 6.2 Long Blades
 + Level 6.2 Axes
 + Level 7.8 Maces & Flails
 + Level 6.2 Polearms
 + Level 6.2 Staves
 + Level 6.2 Slings
 + Level 6.2 Bows
 + Level 6.2 Crossbows
 + Level 6.2 Throwing
 + Level 6.8 Armour
 + Level 7.8 Dodging
 + Level 6.2 Stealth
 + Level 6.2 Shields
 + Level 6.2 Unarmed Combat
 + Level 8.0 Spellcasting
 + Level 5.1 Conjurations
 + Level 5.1 Hexes
 + Level 7.6 Charms
 + Level 5.1 Summonings
 + Level 5.1 Necromancy
 + Level 5.1 Translocations
 + Level 5.1 Transmutations
 + Level 5.1 Fire Magic
 + Level 5.1 Ice Magic
 + Level 5.1 Air Magic
 + Level 5.1 Earth Magic
 + Level 5.1 Poison Magic
 + Level 6.8 Invocations
 + Level 6.2 Evocations


You had 18 spell levels left.
You knew the following spells:

 Your Spells              Type           Power        Failure   Level  Hunger
a - Infusion              Chrm           ####         1%          1    None
b - Shroud of Golubria    Chrm/Tloc      ####......   1%          2    None
c - Regeneration          Chrm/Necr      ####......   3%          3    ##.....
d - Song of Slaying       Chrm           ####....     1%          2    None


Dungeon Overview and Level Annotations

Branches:
Dungeon (9/15)             Temple (1/1) D:7             Orc (0/2) D:9
   Lair: D:8-11

Altars:
Ashenzari
Cheibriados
Dithmenos
Elyvilon
Fedhas
Gozag
Hepliaklqana
Kikubaaqudgha
Makhleb
Nemelex Xobeh
Okawaru
Qazlal
Sif Muna
Trog
Uskayaw
Vehumet
Xom
Yredelemnul
Zin
The Shining One

Shops:
D:5 [


Innate Abilities, Weirdness & Mutations

Your experience applies equally to all skills.
You have very sharp teeth.
Your uncanny sense of smell can sniff out nearby items.


Message History

* * * LOW HITPOINT WARNING * * *
Okay, then.
You feel better.
Something stings you but does no damage. x2
Something stings you!
* * * LOW HITPOINT WARNING * * *
You are poisoned.
Something poisons you!
You feel better. Something stings you!
* * * LOW HITPOINT WARNING * * *
You are poisoned.
Something poisons you! Something stings you!
* * * LOW HITPOINT WARNING * * *
You are more poisoned.
Something poisons you! Something barely misses you.
* * * LOW HITPOINT WARNING * * *
You feel sick.
You hear an angry buzzing noise.
Something stings you but does no damage. x2
You die...

#..# ##.#'###'####
##'###
#.#####...#####...#
#....#
###.###...8.......8.#
+....#
......#.#...#####...#
#...y†
.<......#############
#....# ......###
#.......# #....#
......# #.......#
#..... ......#
#.......# #....#
......# #...@...#
#...## #######
#.......# #...# ..###
#.......# ###...#
#...### ####'####
#.....#∆ ###...# #...#
##.##### ####'####
###.##########......#
#.......#
#..........#.'...=..##
#....<..#
#............#........
#.......#
#..(.......###........


There were no monsters in sight!

Vanquished Creatures
  4 two-headed ogres
  2 ugly things
  A queen bee (D:9)
  Sigmund (D:3)
  A yak (D:9)
  Eustachio (D:4)
  A hungry ghost (D:8)
  Menkaure (D:4)
  Edmund (D:4)
  An acid dragon (D:6)
  Purgy (Sewer)
  An ice beast (D:6)
  An ice beast (shapeshifter) (D:9)
  2 orc warriors (D:9)
  2 necrophages
  2 sky beasts (D:6)
  3 ogres
  A phantom (D:5)
  2 centaurs
  Blork the orc (D:4)
  3 bullfrogs
  A wyvern zombie (D:7)
  A water moccasin zombie (D:8)
  A wyvern skeleton (D:6)
  3 scorpions
  24 killer bees
  A water moccasin skeleton (D:6)
  8 wights
  4 howler monkeys
  7 crimson imps
  A jelly (D:6)
  2 bullfrog zombies
  3 bullfrog skeletons
  Crazy Yiuf (D:2)
  3 hounds
  6 orc priests
  Ijyb (D:3)
  9 orc wizards
  2 worker ants
  A hound skeleton (D:6)
  12 gnolls
  A howler monkey skeleton (D:3)
  8 adders
  A river rat (D:4)
  2 shadow imps
  An adder skeleton (D:7)
  3 worms
  3 dart slugs
  5 leopard geckos
  60 orcs
  6 ball pythons
  8 bats
  5 giant cockroaches
  11 goblins
  5 hobgoblins
  4 jackals
  6 kobolds
  7 quokkas
  7 frilled lizards
  A leopard gecko skeleton (D:4)
  14 rats
282 creatures vanquished.

Vanquished Creatures (others)
  A howler monkey skeleton (D:5)
  16 fungi (D:9)
  12 plants (D:9)
29 creatures vanquished.

Grand Total: 311 creatures vanquished

Notes
Turn   | Place    | Note
-------+----------+-------------------------------------------
     0 | D:1      | Kairos the Gnoll Skald began the quest for the Orb.
     0 | D:1      | Reached XP level 1. HP: 20/20 MP: 6/6
    85 | D:1      | Reached XP level 2. HP: 19/26 MP: 7/7
   317 | D:1      | Reached XP level 3. HP: 24/31 MP: 9/9
   370 | D:1      | Reached skill level 5 in Spellcasting
  1019 | D:2      | Found a bloodstained altar of Trog.
  1034 | D:2      | Reached skill level 1 in Invocations
  1246 | D:2      | Reached skill level 1 in Short Blades
  1246 | D:2      | Reached skill level 1 in Long Blades
  1246 | D:2      | Reached skill level 1 in Axes
  1246 | D:2      | Reached skill level 1 in Polearms
  1246 | D:2      | Reached skill level 1 in Staves
  1246 | D:2      | Reached skill level 1 in Slings
  1246 | D:2      | Reached skill level 1 in Bows
  1246 | D:2      | Reached skill level 1 in Crossbows
  1246 | D:2      | Reached skill level 1 in Throwing
  1246 | D:2      | Reached skill level 1 in Stealth
  1246 | D:2      | Reached skill level 1 in Shields
  1246 | D:2      | Reached skill level 1 in Unarmed Combat
  1246 | D:2      | Reached skill level 1 in Evocations
  1246 | D:2      | Reached XP level 4. HP: 23/38 MP: 7/11
  1407 | D:2      | Found a bloodstained altar of Trog.
  1908 | D:2      | Found a runed door.
  2175 | D:2      | Noticed Crazy Yiuf
  2187 | D:2      | Killed Crazy Yiuf
  2187 | D:2      | Reached skill level 1 in Conjurations
  2187 | D:2      | Reached skill level 1 in Hexes
  2187 | D:2      | Reached skill level 1 in Summonings
  2187 | D:2      | Reached skill level 1 in Necromancy
  2187 | D:2      | Reached skill level 1 in Translocations
  2187 | D:2      | Reached skill level 1 in Transmutations
  2187 | D:2      | Reached skill level 1 in Fire Magic
  2187 | D:2      | Reached skill level 1 in Ice Magic
  2187 | D:2      | Reached skill level 1 in Air Magic
  2187 | D:2      | Reached skill level 1 in Earth Magic
  2187 | D:2      | Reached skill level 1 in Poison Magic
  2545 | D:3      | Reached XP level 5. HP: 33/43 MP: 12/12
  2620 | D:3      | Noticed Sigmund
  2626 | D:3      | Killed Sigmund
  2626 | D:3      | Reached XP level 6. HP: 50/50 MP: 9/13
  2764 | D:3      | Learned a level 2 spell: Shroud of Golubria
  2791 | D:3      | Noticed Ijyb
  2805 | D:3      | Killed Ijyb
  2890 | D:3      | Reached skill level 5 in Fighting
  2890 | D:3      | Reached skill level 5 in Maces & Flails
  2890 | D:3      | Reached skill level 5 in Dodging
  3340 | D:4      | Noticed Eustachio
  3383 | D:4      | Killed Eustachio
  3383 | D:4      | Reached XP level 7. HP: 28/56 MP: 7/15
  3549 | D:4      | Found a glowing drain.
  3595 | Sewer    | Entered a sewer
  3708 | Sewer    | Noticed Purgy
  3718 | Sewer    | Killed Purgy
  3799 | D:4      | Noticed Blork the orc
  3809 | D:4      | Killed Blork the orc
  3955 | D:4      | Found a radiant altar of Vehumet.
  4053 | D:4      | Noticed Menkaure
  4059 | D:4      | Killed Menkaure
  4086 | D:4      | Found a shimmering altar of Xom.
  4106 | D:4      | Noticed Edmund
  4126 | D:4      | Killed Edmund
  4126 | D:4      | Reached XP level 8. HP: 41/63 MP: 13/16
  4477 | D:5      | Entered Level 5 of the Dungeon
  4534 | D:5      | Reached skill level 6 in Spellcasting
  4596 | D:5      | Found a blossoming altar of Fedhas.
  4665 | D:5      | Found a stormy altar of Qazlal.
  4793 | D:5      | Learned a level 3 spell: Regeneration
  4813 | D:5      | Found Wysoig's Armour Emporium.
  5286 | D:5      | Found an ancient bone altar of Kikubaaqudgha.
  6022 | D:5      | Learned a level 2 spell: Song of Slaying
  6028 | D:6      | Found a deep blue altar of Sif Muna.
  6195 | D:6      | Reached XP level 9. HP: 55/69 MP: 18/18
  6681 | D:6      | Found a burning altar of Makhleb.
  6681 | D:6      | Found a glowing silver altar of Zin.
  6682 | D:6      | Noticed an angel
  6682 | D:6      | Noticed a green death
  7220 | D:7      | Reached skill level 5 in Armour
  7686 | D:7      | Found a basalt altar of Yredelemnul.
  7863 | D:7      | Found a staircase to the Ecumenical Temple.
  7878 | D:7      | Found a hazy altar of Hepliaklqana.
  8100 | Temple   | Entered the Ecumenical Temple
  8242 | Temple   | Became a worshipper of Warmaster Okawaru
  8385 | D:7      | Reached skill level 5 in Invocations
  8482 | D:6      | Noticed a white ugly thing
  8562 | D:6      | Reached XP level 10. HP: 71/77 MP: 18/20
  8599 | D:6      | Killed a white ugly thing
  8599 | D:6      | Reached * piety under Okawaru
  8599 | D:6      | Reached skill level 7 in Spellcasting
  8788 | D:6      | Reached skill level 5 in Short Blades
  8788 | D:6      | Reached skill level 5 in Long Blades
  8788 | D:6      | Reached skill level 5 in Axes
  8788 | D:6      | Reached skill level 5 in Polearms
  8788 | D:6      | Reached skill level 5 in Staves
  8788 | D:6      | Reached skill level 5 in Slings
  8788 | D:6      | Reached skill level 5 in Bows
  8788 | D:6      | Reached skill level 5 in Crossbows
  8788 | D:6      | Reached skill level 5 in Throwing
  8788 | D:6      | Reached skill level 5 in Stealth
  8788 | D:6      | Reached skill level 5 in Shields
  8788 | D:6      | Reached skill level 5 in Unarmed Combat
  8788 | D:6      | Reached skill level 5 in Evocations
  9186 | D:8      | Noticed a two-headed ogre
  9195 | D:8      | Killed a two-headed ogre
  9195 | D:8      | Reached ** piety under Okawaru
  9327 | D:8      | Noticed a two-headed ogre
  9337 | D:8      | Killed a two-headed ogre
  9337 | D:8      | Reached *** piety under Okawaru
  9873 | D:8      | Killed a two-headed ogre
  9873 | D:8      | Reached **** piety under Okawaru
  9873 | D:8      | Reached XP level 11. HP: 6/84 MP: 11/22
 10719 | D:9      | Noticed a white ugly thing
 10732 | D:9      | Killed a white ugly thing
 10833 | D:9      | Noticed a two-headed ogre
 10840 | D:9      | Killed a two-headed ogre
 10840 | D:9      | Reached skill level 5 in Conjurations
 10840 | D:9      | Reached skill level 5 in Hexes
 10840 | D:9      | Reached skill level 5 in Summonings
 10840 | D:9      | Reached skill level 5 in Necromancy
 10840 | D:9      | Reached skill level 5 in Translocations
 10840 | D:9      | Reached skill level 5 in Transmutations
 10840 | D:9      | Reached skill level 5 in Fire Magic
 10840 | D:9      | Reached skill level 5 in Ice Magic
 10840 | D:9      | Reached skill level 5 in Air Magic
 10840 | D:9      | Reached skill level 5 in Earth Magic
 10840 | D:9      | Reached skill level 5 in Poison Magic
 11207 | D:9      | Reached skill level 8 in Spellcasting
 11338 | D:9      | Found a staircase to the Orcish Mines.
 12163 | D:9      | HP: 3/86 [something (13)]
 12164 | D:9      | HP: 1/86 [poisoned by a killer bee]
 12165 | D:9      | Succumbed to a killer bee's poison

Vault maps used:
D:1:      dpeg_arrival_boxes_within_box, st_stairs_3, minmay_split_cup_large
D:2:      lemuel_round_altar, trog_butcher_becter, uniq_crazy_yiuf_cottage
D:3:      uniq_sigmund, uniq_ijyb
D:4:      nicolae_overflow_crystal_walls, led_xom_imps, first_ration,
          portal_sewer_entry_b, uniq_menkaure, uniq_eustachio,
          uniq_blork_the_orc, uniq_edmund
D:5:      minmay_diamond_boxcup, old_standard_altar, kennysheep_mini,
          kennysheep_little_box, serial_shops, nicolae_shop_window_shopping
D:6:      minmay_klotski, grunt_temple_overflow_order_and_chaos_2,
          lemuel_round_altar
D:7:      nicolae_overflow_hidden_temple, kennysheep_mini_moat, temple_doors_e
D:8:      serial_glass, glass_columns_a, glass_columns_a, glass_columns_a,
          glass_columns_a, glass_columns_a, glass_columns_b, glass_columns_c,
          glass_columns_b
D:9:      grunt_lair_entry_orc_guard_hut, hiddenorc2_lemuel, special_room,
          david_nohive_1, uniq_erolcha
Temple:   minmay_temple_curvy_loop
Sewer:    sewer_co_purgy_island

Skill      XL: |  1  2  3  4  5  6  7  8  9 10 11 |
---------------+----------------------------------+-----
Spellcasting   | 5 6 7 8 |  8.0
Invocations    | 1 2 3 4 5 6 |  6.8
Short Blades   | 1 2 3 4 5 6 |  6.2
Long Blades    | 1 2 3 4 5 6 |  6.2
Axes           | 1 2 3 4 5 6 |  6.2
Polearms       | 1 2 3 4 5 6 |  6.2
Staves         | 1 2 3 4 5 6 |  6.2
Slings         | 1 2 3 4 5 6 |  6.2
Bows           | 1 2 3 4 5 6 |  6.2
Crossbows      | 1 2 3 4 5 6 |  6.2
Throwing       | 1 2 3 4 5 6 |  6.2
Stealth        | 1 2 3 4 5 6 |  6.2
Shields        | 1 2 3 4 5 6 |  6.2
Unarmed Combat | 1 2 3 4 5 6 |  6.2
Evocations     | 1 2 3 4 5 6 |  6.2
Conjurations   | 1 2 3 4 5 |  5.1
Hexes          | 1 2 3 4 5 |  5.1
Summonings     | 1 2 3 4 5 |  5.1
Necromancy     | 1 2 3 4 5 |  5.1
Translocations | 1 2 3 4 5 |  5.1
Transmutations | 1 2 3 4 5 |  5.1
Fire Magic     | 1 2 3 4 5 |  5.1
Ice Magic      | 1 2 3 4 5 |  5.1
Air Magic      | 1 2 3 4 5 |  5.1
Earth Magic    | 1 2 3 4 5 |  5.1
Poison Magic   | 1 2 3 4 5 |  5.1
Armour         | 3 4 5 6 |  6.8
Fighting       | 5 6 7 |  7.8
Maces & Flails | 5 6 7 |  7.8
Dodging        | 5 6 7 |  7.8
Charms         | 6 7 |  7.6

Action                   |  1- 3 |  4- 6 |  7- 9 | 10-12 || total
-------------------------+-------+-------+-------+-------++-------
Melee: Mace              |   112 |    47 |       |       ||   159
       Bite              |     9 |     9 |    32 |    43 ||    93
       Punch             |     1 |       |       |       ||     1
       Quarterstaff      |       |    72 |   308 |   341 ||   721
 Cast: Infusion          |     3 |     9 |    16 |    13 ||    41
       Shroud of Golubri |       |     2 |    11 |    11 ||    24
       Regeneration      |       |       |     7 |    13 ||    20
Invok: Heroism           |       |       |       |     1 ||     1
  Use: Scroll            |       |     2 |     4 |     8 ||    14
       Potion            |       |       |       |     5 ||     5
 Stab: Sleeping          |     3 |       |     5 |     2 ||    10
       Confused          |       |     1 |     1 |     3 ||     5
       Paralysed         |       |       |     6 |     2 ||     8
       Petrified         |       |       |     2 |     1 ||     3
       Petrifying        |       |       |     2 |     2 ||     4
  Eat: Chunk             |     1 |     3 |    10 |     4 ||    18
       Ration            |       |     1 |     3 |     3 ||     7
Armor: Leather armour    |    25 |    17 |    60 |     4 ||   106
       Acid dragon scale |       |       |       |    95 ||    95
Dodge: Dodged            |    80 |    91 |   252 |   284 ||   707
Block: Shield            |       |     5 |       |       ||     5

Table legend:
 A = Spawn XP
 B = Non-spawn XP
 C = Spawn XP percentage of total XP
 D = Spawn monster count
 E = Non-spawn monster count
 F = Spawn count percentage of total count
 G = Total turns spent on level
                    A         B        C        D         E        F      G
               +---------+---------+-------+---------+---------+-------+---------
         Total |       0 |   13468 |   0.0 |       0 |     283 |   0.0 | 12165
               +---------+---------+-------+---------+---------+-------+---------
           D:1 |       0 |      53 |   0.0 |       0 |      29 |   0.0 |   963
           D:2 |       0 |      99 |   0.0 |       0 |      23 |   0.0 |  1545
           D:3 |       0 |     290 |   0.0 |       0 |      18 |   0.0 |   537
           D:4 |       0 |     947 |   0.0 |       0 |      24 |   0.0 |  1277
           D:5 |       0 |     746 |   0.0 |       0 |      26 |   0.0 |  1551
           D:6 |       0 |    2517 |   0.0 |       0 |      45 |   0.0 |  2128
           D:7 |       0 |     993 |   0.0 |       0 |      20 |   0.0 |  1339
           D:8 |       0 |    4158 |   0.0 |       0 |      34 |   0.0 |  1067
           D:9 |       0 |    3495 |   0.0 |       0 |      55 |   0.0 |  1440
         Sewer |       0 |     170 |   0.0 |       0 |       9 |   0.0 |   155
               +---------+---------+-------+---------+---------+-------+---------
